 Dungeon Crawl Stone Soup version 0.27-a0-349-g77ac2e9 (webtiles) character file.

Game seed: 11406605373367889830

560 Toastz the Conjurer (level 7, 0/41 HPs)
             Began as a Tengu Conjurer on Feb 15, 2021.
             Was an Initiate of Sif Muna.
             Slain by an adder (4 damage)
             ... on level 5 of the Dungeon.
             The game lasted 00:20:22 (5373 turns).

Toastz the Conjurer (Tengu Conjurer)                Turns: 5373, Time: 00:20:23

Health: 0/41       AC:  4    Str:  8    XL:     7   Next: 31%
Magic:  13/13      EV: 14    Int: 18    God:    Sif Muna [......]
Gold:   226        SH:  0    Dex: 14    Spells: 7/13 levels left

rFire    . . .     SeeInvis .   a - +2 short sword (venom)
rCold    . . .     Faith    .   (no shield)
rNeg     . . .     Spirit   .   k - +0 leather armour
rPois    .         Reflect  .   (helmet restricted)
rElec    .         Harm     .   r - +0 cloak
rCorr    .         Rampage  .   (no gloves)
Will     .....                  (boots unavailable)
Stlth    ++........             (no amulet)
HPRegen  0.13/turn              (no ring)
MPRegen  0.13/turn              (no ring)

@: flying quickly and evasively, quick
A: beak, talons 3, able to fly
a: Stop Flying, Renounce Religion


You were on level 5 of the Dungeon.
You worshipped Sif Muna.
Sif Muna was noncommittal.
You visited 1 branch of the dungeon, and saw 5 of its levels.

You collected 226 gold pieces.

Inventory:

Hand Weapons
 a - a +2 short sword of venom (weapon)
 f - a +1 antimagic dagger
 n - a +0 trident of freezing
 p - a +0 rapier
Missiles
 d - 186 stones
 g - a throwing net
Armour
 e - a +0 robe
 k - a +0 leather armour (worn)
 m - a +0 scale mail
 q - a +0 ring mail
 r - a +0 cloak (worn)
Wands
 l - a wand of acid (8)
 s - a wand of paralysis (7)
Scrolls
 b - 5 scrolls of amnesia
 c - 3 scrolls of enchant weapon
 i - a scroll of fear
 t - a scroll of enchant armour
Potions
 h - a potion of berserk rage
 o - a potion of cancellation


   Skills:
 + Level 3.3 Fighting
 - Level 2.1 Short Blades
 - Level 0.1 Polearms
 + Level 3.1 Armour
 - Level 2.8 Dodging
 - Level 2.0 Stealth
 + Level 3.8 Spellcasting
 + Level 7.0 Conjurations


You had 7 spell levels left.
You knew the following spells:

 Your Spells              Type           Power        Failure   Level
a - Magic Dart            Conj           100%         1%          1
b - Searing Ray           Conj           56%          1%          2
c - Dazzling Flash        Conj/Hex       32%          14%         3

Your spell library contained the following spells:

 Spells                   Type           Power        Failure   Level
 Freeze                   Ice            12%          22%         1
 Fulminant Prism          Conj/Hex       8%           43%         4
 Iskenderun's Mystic Bla  Conj/Tloc      16%          43%         4


Dungeon Overview and Level Annotations

Branches:
Dungeon (5/15)
 Temple: D:4-7

Altars:
Dithmenos
Sif Muna
Yredelemnul


Innate Abilities, Weirdness & Mutations

You have a beak for a mouth.
You have claws for feet.
You can fly continuously.


Message History

You miss the frilled lizard. You claw the frilled lizard.
The frilled lizard is heavily wounded.
The frilled lizard closely misses you.
The bullfrog skeleton closely misses you.
You hit the frilled lizard.
You kill the frilled lizard!
Sif Muna accepts your kill.
The ice beast is no longer blind.
You see here a frilled lizard corpse.
You reach down and open the door.
The jackal closely misses you.
Found 14 sling bullets.
The jackal bites you but does no damage.
There is an open door here.
The jackal completely misses you. The jackal closely misses you.
As you open the door, it creaks loudly!
The jackal bites you but does no damage.
The jackal bites you.
* * * LOW HITPOINT WARNING * * *
The ice beast looks more healthy.
There is an open door here.
The jackal bites you.
* * * LOW HITPOINT WARNING * * *
The jackal bites you.
* * * LOW HITPOINT WARNING * * *
You reach down and open the door.
The jackal bites you but does no damage.
An adder comes into view.
The jackal barely misses you.
There is an open door here.
A hound comes into view.
Found 29 stones.
The hound barks!
The jackal bites you but does no damage.
The adder hisses angrily.
The hound bites you.
* * * LOW HITPOINT WARNING * * *
The hound bites you but does no damage. The adder bites you.
You die...

# #+### ### .. ##...###..##
#.. #..........#
..#(.........#
............#
#..h......#........ ##
#.@S......#........ ...
#..h.ZY...#........ #...
#....##...#........
....#########'##........
.#............#...#........
.......(......#...#........
.............YZ...#.<......
..............#...#........
......###'########........


You could see an ice beast, a hound, an adder, a jackal and a bullfrog skeleton.

Vanquished Creatures
  Sigmund (D:4)
  A sky beast (D:5)
  An orc priest (D:4)
  Crazy Yiuf (D:4)
  An iguana (D:4)
  Terence (D:3)
  3 orc wizards (D:4)
  A hound zombie (D:5)
  A hound skeleton (D:5)
  2 adders
  An ooze (D:3)
  A worm (D:3)
  A dart slug (D:2)
  7 orcs
  2 ball pythons (D:3)
  7 bats
  4 giant cockroaches
  8 goblins
  3 hobgoblins (D:3)
  4 kobolds
  A quokka (D:2)
  12 frilled lizards
  A giant cockroach zombie (D:5)
  2 rats (D:1)
67 creatures vanquished.

Notes
Turn   | Place    | Note
-------+----------+-------------------------------------------
     0 | D:1      | Toastz the Tengu Conjurer began the quest for the Orb.
     0 | D:1      | Reached XP level 1. HP: 10/10 MP: 4/4
   522 | D:1      | Reached XP level 2. HP: 16/16 MP: 0/6
   991 | D:2      | Reached skill level 1 in Fighting
   991 | D:2      | Reached skill level 1 in Short Blades
   991 | D:2      | Reached XP level 3. HP: 20/20 MP: 3/7
  1137 | D:2      | Found a faded altar of an unknown god.
  1161 | D:2      | Learned a level 2 spell: Searing Ray
  1668 | D:3      | Noticed Terence
  1680 | D:3      | Killed Terence
  1681 | D:3      | Reached XP level 4. HP: 12/25 MP: 2/8
  1864 | D:3      | Learned a level 3 spell: Dazzling Flash
  2991 | D:4      | Found a shimmering blue altar of Sif Muna.
  3468 | D:4      | Reached skill level 1 in Armour
  3468 | D:4      | Gained mutation: You can fly continuously. [Tengu growth]
  3468 | D:4      | Reached XP level 5. HP: 30/30 MP: 5/10
  3473 | D:4      | Reached skill level 6 in Conjurations
  3569 | D:4      | Identified Sif Muna's Tome of the Glacier
  3579 | D:4      | Became a worshipper of Sif Muna the Loreminder
  3610 | D:4      | Noticed Sigmund
  3617 | D:4      | Killed Sigmund
  3618 | D:4      | Reached XP level 6. HP: 36/36 MP: 3/12
  4395 | D:4      | Found a runed translucent door.
  4396 | D:4      | Noticed Crazy Yiuf
  4435 | D:4      | Killed Crazy Yiuf
  4436 | D:4      | Reached XP level 7. HP: 29/41 MP: 13/13
  5058 | D:5      | Entered Level 5 of the Dungeon
  5129 | D:5      | Reached skill level 7 in Conjurations
  5315 | D:5      | Found a shadowy altar of Dithmenos.
  5315 | D:5      | Found a basalt altar of Yredelemnul.
  5373 | D:5      | Slain by an adder

Illustrated notes

Levels and vault maps discovered:
D:1:      nicolae_arrival_somewhat_less_tricky_arrival, layout_basic
D:2:      layout_rooms, chequers_ecumenical_altar_simple_redux
D:3:      layout_loops_ring, uniq_terence
D:4:      layout_basic, led_sif_book, moated_statue, bh_walls_and_bars,
          uniq_sigmund, uniq_crazy_yiuf_cottage
D:5:      layout_gridville, old_standard_altar,
          gammafunk_temple_overflow_elements, minmay_fractal_squares_5

Skill      XL: |  1  2  3  4  5  6  7 |
---------------+----------------------+-----
Fighting       | 1 2 3 |  3.3
Short Blades   | 1 2 |  2.1
Armour         | 1 2 3 |  3.1
Conjurations   | 6 7 |  7.0
Spellcasting   | 3 |  3.8
Polearms       | |  0.1
Dodging        | |  2.8
Stealth        | |  2.0

Action                   |  1- 3 |  4- 6 |  7- 9 || total
-------------------------+-------+-------+-------++-------
Melee: Dagger            |     7 |       |       ||     7
       Spear             |     5 |       |       ||     5
       Kick              |     6 |     8 |     7 ||    21
       Peck              |     3 |     2 |     4 ||     9
       Short sword       |    32 |    29 |    23 ||    84
 Cast: Magic Dart        |    30 |    29 |     7 ||    66
       Searing Ray       |       |    10 |       ||    10
       Dazzling Flash    |       |       |     1 ||     1
 Abil: Fly               |       |     1 |       ||     1
  Use: Scroll            |     3 |     3 |     3 ||     9
 Stab: Sleeping          |     1 |       |       ||     1
Armor: Robe              |     2 |       |       ||     2
       Leather armour    |     5 |     9 |     9 ||    23
Dodge: Dodged            |    20 |    28 |    21 ||    69

Table legend: (Time is in decaauts)
 A = Elapsed time spent in this place.
 B = Non-inter-level travel time spent in this place.
 C = Inter-level travel time spent in this place.
 D = Time resting spent in this place.
 E = Time spent auto-exploring this place.
 F = Levels seen in this place.
 G = Mean time per level.
                   A        B        C        D        E       F      G
               +--------+--------+--------+--------+--------+-----+--------+
         Total |   5251 |   4770 |    481 |   1074 |   3149 |   5 | 1050.2 |
       Dungeon |   5251 |   4770 |    481 |   1074 |   3149 |   5 | 1050.2 |
               +--------+--------+--------+--------+--------+-----+--------+

Top non-repeatable levels by time:
     D:4: 1964 daAuts
     D:3: 1409 daAuts
     D:1: 964 daAuts
     D:2: 606 daAuts
     D:5: 307 daAuts
